 Dungeon Crawl Stone Soup version 0.30.1-3-gfc49f6343a (webtiles) character file.

Game seed: 6994481269369733104

11153 Destapler the Fighter (level 11, -11/100 (101) HPs)
             Began as a Minotaur Fighter on July 24, 2023.
             Was an Elder of Makhleb.
             Mangled by a death yak (22 damage)
             ... on level 11 of the Dungeon.
             The game lasted 00:49:36 (13124 turns).

Destapler the Fighter (Minotaur Fighter)           Turns: 13124, Time: 00:49:39

HP:   -11/100 (101) AC: 12    Str: 25    XL:     11   Next: 45%
MP:   15/15         EV: 13    Int:  4    God:    Makhleb [****..]
Gold: 751           SH:  6    Dex: 13    Spells: 10/10 levels left

rFire   . . .        a - +3 flail
rCold   . . .        c - +0 buckler
rNeg    . . .        r - +0 scale mail {Will+}
rPois   .            (helmet restricted)
rElec   .            L - +1 cloak
rCorr   +            (no gloves)
SInv    .            (no boots)
Will    ++...        (no amulet) Stlth
                     u - ring of resist corrosion
HPRegen 0.36/turn    x - ring of willpower
MPRegen 0.14/turn

%: no passive effects
@: silenced, on berserk cooldown, slowed, lightly drained, very slow
A: horns 2, retaliatory headbutt, iridescent scales 1, strong 1, noise
suppression
a: Renounce Religion


You were on level 11 of the Dungeon.
You worshipped Makhleb.
Makhleb was greatly pleased with you.
You visited 2 branches of the dungeon, and saw 12 of its levels.

You collected 751 gold pieces.

Inventory:

Hand Weapons
 a - a +3 flail (weapon)
Missiles
 G - 34 poisoned darts
 H - 2 curare-tipped darts
 M - 5 javelins
Armour
 c - a +0 buckler (worn)
 o - a +2 leather armour of fire resistance
 r - a +0 scale mail of willpower (worn)
 F - a +0 troll leather armour
 L - a +1 cloak (worn)
Jewellery
 e - a ring of flight
 q - a ring of fire
 u - a ring of resist corrosion (left hand)
 x - a ring of willpower (right hand)
 A - a ring of poison resistance
Wands
 D - a wand of light (9) (quivered)
 J - a wand of mindburst (4)
Scrolls
 d - a scroll of teleportation
 f - 3 scrolls of noise
 g - 4 scrolls of fear
 i - 5 scrolls of identify
 k - 2 scrolls of silence
 m - a scroll of vulnerability {unknown}
 t - 2 scrolls of magic mapping {unknown}
 v - a scroll of blinking {unknown}
 w - 4 scrolls of fog {unknown}
 y - a scroll of enchant weapon {unknown}
 B - 3 scrolls of immolation {unknown}
 C - a scroll of enchant armour {unknown}
 E - a scroll of poison {unknown}
Potions
 b - 3 potions of heal wounds
 h - 2 potions of flight
 j - 5 potions of curing
 l - 2 potions of attraction
 n - 4 potions of cancellation
 p - a potion of ambrosia
 I - a potion of lignification {unknown}
 K - a potion of invisibility


   Skills:
 + Level 10.6 Fighting
 + Level 9.8 Maces & Flails
 - Level 4.0 Ranged Weapons
 + Level 8.5 Armour
 + Level 8.2 Dodging
 + Level 8.5 Shields
 + Level 7.1 Invocations


You had 10 spell levels left.
You didn't know any spells.
Your spell library contained the following spells:

 Spells                   Type           Power      Damage    Failure   Level
 Ozocubu's Armour         Ice            0%         N/A       99%         3
 Volatile Blastmotes      Fire/Tloc      0%         2d10      99%         3
 Fulminant Prism          Conj/Hex       0%         3d5       100%        4
 Iskenderun's Mystic Bla  Conj/Tloc      0%         2d3       100%        4
 Lee's Rapid Deconstruct  Erth           0%         3d4*      100%        5
 Metabolic Englaciation   Hex/Ice        0%         N/A       100%        5
 Simulacrum               Ice/Necr       0%         N/A       100%        6


Dungeon Overview and Level Annotations

Branches:
Dungeon (11/15)            Temple (1/1) D:5            Lair (0/5) D:11
    Orc (0/2) D:9

Altars:
Ashenzari
Cheibriados
Dithmenos
Elyvilon
Fedhas
Gozag
Hepliaklqana
Kikubaaqudgha
Makhleb
Nemelex Xobeh
Okawaru
Qazlal
Ru
Sif Muna
Trog
Uskayaw
Vehumet
Wu Jian
Xom
Yredelemnul
Zin
The Shining One

Shops:
D:5 (   D:7 [*(

Annotations:
D:8 exclusions: oklob plant and oklob sapling


Innate Abilities, Weirdness & Mutations

You have a pair of horns on your head.
You reflexively headbutt those who attack you in melee.
You are partially covered in iridescent scales. (AC +2)
Your muscles are strong. (Str +4, Int/Dex -1)
You passively dampen the noise of your surroundings.


Message History

You see here a death yak corpse.
You bludgeon the rat!!
You kill the rat!
Makhleb accepts your kill.
You feel better. You block the hell rat's attack.
You are too berserk!
The hell rat barely misses you.
You thump the hell rat! Your headbutt misses the hell rat.
The hell rat is severely wounded.
The death yak gores you.
* * * LOW HITPOINT WARNING * * *
The hell rat barely misses you. You furiously retaliate!
You headbutt the hell rat!
You kill the hell rat!
Makhleb accepts your kill.
The death yak gores you but does no damage.
You hit the death yak.
The death yak is lightly wounded.
You bludgeon the death yak!! Your headbutt misses the death yak.
The death yak is moderately wounded.
The hell rat misses you. You furiously retaliate!
You headbutt the hell rat!
You kill the hell rat!
Makhleb accepts your kill.
You feel better. The death yak gores you.
* * * LOW HITPOINT WARNING * * *
You hit the death yak but do no damage.
The death yak is moderately wounded.
You hit the death yak.
The death yak is moderately wounded.
You block the yak's attack. The yak gores you.
* * * LOW HITPOINT WARNING * * *
The death yak gores you but does no damage.
You barely miss the death yak.
The death yak is moderately wounded.
You are no longer berserk.
You are exhausted.
You feel yourself slow down. The yak misses you. The yak gores you.
* * * LOW HITPOINT WARNING * * *
The death yak gores you!!
You die...

###### #.....#
#.....# #.!...
#.... ##
####..###
.#..#Y@#....#
.....YYYYY...#
.....rTrr†...+
.......r.#...#
.........#...#
.............+
..>..#.......#
.............#
.....#..(...#


You could see 2 death yaks, 4 yaks, a troll, a hell rat, 2 river rats and a rat.

Vanquished Creatures
  Fannar (D:10)
  2 two-headed ogres
  A death yak (D:11)
  Psyche (D:10)
  2 trolls
  2 hornets
  Sigmund (D:4)
  2 shadows (D:10)
  7 yaks
  A wyvern (D:10)
  4 water moccasins
  An acid dragon (D:10)
  4 orc warriors
  4 ice beasts
  5 sky beasts
  The ghost of McKennaii the Conjurer, an amateur DgCj (D:4)
  5 centaurs
  A phantom (D:6)
  4 kobold brigands
  A gnoll sergeant (D:9)
  2 bullfrogs
  3 scorpions
  6 wights
  23 killer bees
  3 howler monkeys
  An electric eel (D:7)
  2 hounds
  A bullfrog zombie (D:4)
  4 jellies
  14 orc priests
  A bullfrog skeleton (D:4)
  2 gnoll boudas
  2 sleepcaps
  Terence (D:3)
  2 hell rats (D:11)
  3 iguanas
  10 orc wizards
  12 gnolls
  12 adders
  2 shadow imps
  2 white imps
  An ufetubus (D:6)
  2 worms
  2 dart slugs
  38 orcs
  12 bats
  8 endoplasms
  3 giant cockroaches
  8 goblins
  12 hobgoblins
  4 jackals
  A quokka (D:1)
  19 ball pythons
  2 frilled lizards
  28 kobolds
  12 rats
310 creatures vanquished.

Vanquished Creatures (collateral kills)
  A wyvern (D:10)
1 creature vanquished.

Grand Total: 311 creatures vanquished

Notes
Turn   | Place    | Note
-------+----------+-------------------------------------------
     0 | D:1      | Destapler the Minotaur Fighter began the quest for the Orb.
     0 | D:1      | Reached XP level 1. HP: 19/19 MP: 0/0
   189 | D:1      | Reached XP level 2. HP: 27/27 MP: 1/1
   673 | D:1      | Reached skill level 1 in Dodging
   773 | D:1      | Reached skill level 4 in Fighting
   988 | D:2      | Reached XP level 3. HP: 16/33 MP: 2/2
  1925 | D:3      | Reached XP level 4. HP: 39/40 MP: 3/3
  1993 | D:3      | Noticed Terence
  2003 | D:3      | Killed Terence
  2004 | D:3      | Reached skill level 1 in Ranged Weapons
  2472 | D:4      | Reached XP level 5. HP: 41/47 MP: 4/4
  2515 | D:4      | Noticed an ice beast
  2599 | D:4      | Identified the +0 leather armour "Suyjag" {Int+3}
  2691 | D:4      | Killed an ice beast
  2692 | D:4      | Reached skill level 5 in Armour
  2692 | D:4      | Reached skill level 5 in Shields
  2692 | D:4      | Reached XP level 6. HP: 13/55 MP: 5/5
  2916 | D:4      | Reached skill level 5 in Fighting
  3068 | D:4      | Noticed Sigmund
  3075 | D:4      | Killed Sigmund
  3076 | D:4      | Reached XP level 7. HP: 53/61 MP: 6/6
  3104 | D:5      | Entered Level 5 of the Dungeon
  3104 | D:5      | Found Veveirphi's Weapon Emporium.
  3143 | D:4      | Found a runed translucent gate.
  3143 | D:4      | Found a runed translucent gate.
  3144 | D:4      | Found a runed translucent gate.
  3146 | D:4      | Noticed McKennaii's ghost (amateur DgCj)
  3458 | D:4      | Killed McKennaii's ghost
  3459 | D:4      | Reached skill level 5 in Dodging
  3780 | D:5      | Found a staircase to the Ecumenical Temple.
  3794 | Temple   | Entered the Ecumenical Temple
  3974 | Temple   | Became a worshipper of Makhleb the Destroyer
  4250 | D:5      | Reached skill level 6 in Fighting
  4381 | D:5      | Found a shadowy altar of Dithmenos.
  4500 | D:5      | Reached XP level 8. HP: 71/71 MP: 7/7
  4880 | D:5      | Reached skill level 5 in Maces & Flails
  4940 | D:6      | Reached skill level 7 in Fighting
  5138 | D:6      | Reached skill level 8 in Fighting
  5138 | D:6      | Reached skill level 1 in Invocations
  5234 | D:6      | Reached * piety under Makhleb
  5612 | D:6      | Found a snail-covered altar of Cheibriados.
  6209 | D:7      | Reached XP level 9. HP: 69/81 MP: 11/11
  6781 | D:7      | Reached ** piety under Makhleb
  6883 | D:7      | Found Siegfried's Dragon-Slaying Spoils.
  6933 | D:7      | Found Walyoxt's Overcharged Wands.
  7224 | D:7      | Found Zinasm's Weapon Shop.
  8367 | D:8      | Reached skill level 5 in Invocations
  8651 | D:8      | Found an iron altar of Okawaru.
  8795 | D:8      | Reached skill level 9 in Fighting
  8851 | D:8      | Noticed a two-headed ogre
  8852 | D:8      | Reached *** piety under Makhleb
  8870 | D:8      | Killed a two-headed ogre
  8871 | D:8      | Reached XP level 10. HP: 91/91 MP: 11/13
  9056 | D:8      | Noticed an oklob plant
  9083 | D:8      | Found a sparkling altar of Nemelex Xobeh.
  9636 | D:9      | Found a staircase to the Orcish Mines.
 10930 | D:10     | Entered Level 10 of the Dungeon
 11183 | D:10     | Found an ancient bone altar of Kikubaaqudgha.
 11192 | D:10     | Reached **** piety under Makhleb
 11717 | D:10     | Reached skill level 10 in Fighting
 11862 | D:10     | Noticed Fannar
 11911 | D:10     | Killed Fannar
 11912 | D:10     | Reached XP level 11. HP: 13/99 MP: 14/14
 12244 | D:10     | Noticed Psyche
 12254 | D:10     | Killed Psyche
 12405 | D:10     | Found a sacrificial altar of Ru.
 12450 | D:10     | Found an opulent altar of Gozag.
 12719 | D:10     | Noticed a two-headed ogre
 12781 | D:10     | HP: 4/101 [two-headed ogre/+0 giant club (16)]
 12783 | D:10     | Killed a two-headed ogre
 13100 | D:11     | Noticed a death yak
 13101 | D:11     | Found a staircase to the Lair.
 13101 | D:11     | Noticed a death yak
 13101 | D:11     | Noticed a death yak
 13107 | D:11     | Gained mutation: You are partially covered in iridescent
                  | scales. (AC +2) [potion of mutation]
 13107 | D:11     | Gained mutation: You passively dampen the noise of your
                  | surroundings. [potion of mutation]
 13107 | D:11     | Gained mutation: Your muscles are strong. (Str +4, Int/Dex
                  | -1) [potion of mutation]
 13113 | D:11     | Killed a death yak
 13124 | D:11     | Mangled by a death yak

Illustrated notes

Levels and vault maps discovered:
D:1:      dpeg_arrival_brainrot, layout_basic, minmay_tetromino_o2
D:2:      layout_loops_ring, chequers_decorated_corner
D:3:      layout_loops_ring, minmay_goblin_kobold_house, uniq_terence
D:4:      layout_cave_pools, gammafunk_ghost_necromancy, minmay_liquid_box,
          minmay_misc_feat_plants, uniq_sigmund
D:5:      layout_loops_ring, mainiacjoe_overflow_24_doors,
          minmay_temple_entry_glass, serial_shops, shop
D:6:      layout_loops_cross, mainiacjoe_overflow_six_doors_small,
          roderic_batcave
D:7:      layout_basic, serial_shops, shop, kennysheep_small_spiral,
          minmay_statues_item, nicolae_shop_dragon_depot,
          nicolae_shop_overcharged_wands
D:8:      layout_loops_corners, kennysheep_okawaru_gauntlet,
          nemelex_xobeh_ov_fountains_minmay, minmay_crystal_room,
          introduction_to_nature_1
D:9:      layout_stronghold, orc_david_3
D:10:     layout_rooms, mainiacjoe_overflow_catwalk,
          nicolae_gozag_cash_rules_everything_around_me, hangedman_ru_absence,
          serial_glass, glass_columns_a, glass_columns_a, minmay_joined_circles,
          uniq_psyche, uniq_fannar
D:11:     cheibrodos_lost_city_excavation, layout_gridville, dpeg_lair_monsters,
          gauntlet_entry_generic, uniq_amaemon
Temple:   nicolae_temple_bog_church

Skill      XL: |  1  2  3  4  5  6  7  8  9 10 11 |
---------------+----------------------------------+-----
Dodging        | 1 2 4 5 6 7 8 |  8.2
Shields        | 4 5 6 7 8 |  8.5
Fighting       | 4 5 6 8 9 10 | 10.6
Armour         | 4 5 6 7 8 |  8.5
Ranged Weapons | 1 2 4 |  4.0
Maces & Flails | 4 7 8 9 |  9.8
Invocations    | 4 5 6 7 |  7.1

Action                     |  1- 3 |  4- 6 |  7- 9 | 10-12 || total
---------------------------+-------+-------+-------+-------++-------
  Melee: Flail             |    58 |    61 |   363 |   298 ||   780
         Headbutt          |    10 |    13 |    56 |    71 ||   150
         Short sword       |       |    14 |       |       ||    14
   Fire: Sling             |    80 |    45 |       |       ||   125
  Throw: Boomerang         |       |     5 |    40 |    17 ||    62
         Dart              |       |       |     1 |    20 ||    21
         Throwing net      |       |       |     1 |       ||     1
         Javelin           |       |       |       |     5 ||     5
 Invoke: Minor Destruction |       |       |     3 |     8 ||    11
         Major Destruction |       |       |       |     1 ||     1
         Lesser Servant of |       |       |       |     1 ||     1
  Evoke: Wand              |       |       |       |     2 ||     2
    Use: Potion            |       |     1 |     1 |     7 ||     9
         Scroll            |       |       |     5 |     6 ||    11
   Stab: Held in net/web   |       |       |     1 |       ||     1
         Invisible         |       |       |       |     3 ||     3
 Armour: Scale mail        |    47 |    37 |   153 |   132 ||   369
  Dodge: Dodged            |    39 |    37 |   215 |   259 ||   550
  Block: Buckler           |    24 |    22 |   114 |   103 ||   263
